 Dungeon Crawl Stone Soup version 0.32-a0-685-g93135e86f0 (webtiles) character file.

Game seed: 16984583080169019128

1922 seren the Ruffian (level 9, -6/58 HPs)
             Began as an Octopode Shapeshifter on Mar 12, 2024.
             Mangled by a yak (16 damage)
             ... on level 7 of the Dungeon.
             The game lasted 00:12:10 (6295 turns).

seren the Ruffian (Octopode Shapeshifter)           Turns: 6295, Time: 00:12:11

Health: -6/58      AC:  1    Str: 15    XL:     9   Next: 17%
Magic:  9/9        EV: 14    Int: 12    God:
Gold:   280        SH:  0    Dex: 14    Spells: 8/8 levels left

rFire   . .          .
                       - Unarmed
rCold   . . .        (no shield)
rNeg    . . .        (helmet currently unavailable)
rPois   .            (no amulet)
rElec   .            (no ring)
rCorr   .            (no ring)
SInv    .            (no ring)
Will    .....        (no ring)
Stlth   ++++         (no ring)
HPRegen 0.29/turn    (no ring)
MPRegen 0.11/turn    (no ring)
                     (no ring)

%: no passive effects
@: beast-form
A: beast (slay +3), almost no armour, amphibious, 8 rings, camouflage 1,
gelatinous body 1, (nimble swimmer 1), tentacles
a: Begin Untransformation


You were on level 7 of the Dungeon.
You were a hulking beast.
You visited 2 branches of the dungeon, and saw 9 of its levels.

You collected 280 gold pieces.

Inventory:

Hand Weapons
 u - the +5 hand axe "Lyezukug" {venom, Str+4 Dex-4 SInv}
   (You took it off a hobgoblin on level 4 of the Dungeon)

   Str+4:     It affects your strength (+4).
   Dex-4:     It affects your dexterity (-4).
   SInv:      It lets you see invisible.
Missiles
 g - 6 poisoned darts (quivered)
 j - 5 datura-tipped darts
 l - 3 curare-tipped darts
 A - 9 boomerangs
 B - 3 atropa-tipped darts
Armour
 i - a +0 buckler
Jewellery
 s - a ring of ice
Talismans
 b - a beast talisman (active)
 c - a flux talisman
 y - a granite talisman
Wands
 r - a wand of roots (3)
Scrolls
 a - a scroll of torment {unknown}
 d - a scroll of summoning
 e - a scroll of amnesia {unknown}
 h - 2 scrolls of identify {unknown}
 m - 3 scrolls of teleportation {!r}
 n - a scroll of blinking {unknown}
 q - a scroll of fear {unknown}
 t - a scroll of fog {unknown}
 w - 2 scrolls of noise
 z - a scroll of brand weapon {unknown}
 C - 3 scrolls of acquirement {unknown}
Potions
 f - a potion of enlightenment {unknown}
 k - a potion of mutation {unknown}
 o - a potion of heal wounds {unknown}
 p - 2 potions of brilliance {unknown}
 v - 2 potions of resistance {unknown}
 x - a potion of haste {unknown}
Miscellaneous
 D - a tin of tremorstones (2/2)


   Skills:
 + Level 4.2 Fighting
 + Level 4.6 Dodging
 - Level 5.0 Stealth
 * Level 6.7 Unarmed Combat
 + Level 3.5 Evocations
 * Level 6.2 Shapeshifting


You had 8 spell levels left.
You didn't know any spells.
Your spell library contained the following spells:

 Spells                   Type           Power      Damage    Failure   Level
 Magic Dart               Conj           0%         1d3       32%         1
 Necrotise                Necr           0%         1d4       32%         1
 Slow                     Hex            0%         N/A       32%         1
 Searing Ray              Conj           0%         2d4       45%         2
 Confusing Touch          Hex            0%         N/A       69%         3
 Vampiric Draining        Necr           0%         2d6       69%         3
 Fulminant Prism          Conj/Alch      0%         3d5       97%         4
 Martyr's Knell           Necr/Summ      0%         N/A       97%         4
 Curse of Agony           Necr           0%         N/A       100%        5
 Sculpt Simulacrum        Ice/Alch       0%         N/A       100%        6
 Ozocubu's Refrigeration  Ice            0%         4d7       100%        7
 Polar Vortex             Ice            0%         N/A       100%        9


Dungeon Overview and Level Annotations

Branches:
Dungeon (8/15)             Temple (1/1) D:7
   Lair: D:8-11

Altars:
Cheibriados
Elyvilon
Fedhas
Hepliaklqana
Makhleb
Nemelex Xobeh
Okawaru
Qazlal
Ru
Sif Muna
Trog
Uskayaw
Vehumet
Xom
Yredelemnul
Zin
The Shining One

Shops:
D:3 [   D:7 (

Annotations:
D:2 Terence
D:3 3 runed translucent doors, FlatIsJustice's ghost, amateur FoFi; Natasha
D:5 exclusion: black bear
D:8 Grum


Innate Abilities, Weirdness & Mutations

You are a hulking beast.
Your limbs bulge with bestial killing power. (Slay +3)
You cannot wear most types of armour.
You are amphibious.
You can wear up to eight rings at the same time.
Your skin changes colour to match your surroundings (Stealth+).
Your rubbery body absorbs attacks. (AC +1, EV +1)
((You are camouflaged when in or above water. (Stealth+)))
You have tentacles for arms and can constrict up to eight enemies at once.


Message History

Found 2 orange potions.
There is a stone staircase leading up here.
You climb upwards.
There is a stone staircase leading down here.
There is an entrance to Emoghonn's Weapon Emporium here.
There is a stone staircase leading down here.
You climb downwards.
Level annotation: Grum The yak bellows! x3
Found 2 stones.
Found a stone staircase leading down.
There is a stone staircase leading up here.
The yak misses you. The yak gores you.
You climb upwards.
There is a stone staircase leading down here.
You bludgeon the yak!
The yak is moderately wounded.
The yak closely misses you. The yak misses you.
You completely miss the yak.
The yak is moderately wounded.
The yak closely misses you. The yak gores you.
You closely miss the yak.
The yak is moderately wounded.
The yak misses you. The yak closely misses you.
You tentacle-slap the yak. You squeeze the yak.
The yak is heavily wounded.
The yak gores you. The yak gores you!
* * * LOW HITPOINT WARNING * * *
You tentacle-slap the yak. You squeeze the yak!
The yak is almost dead.
The yak gores you!
* * * LOW HITPOINT WARNING * * *
The yak gores you.
* * * LOW HITPOINT WARNING * * *
You closely miss the yak.
Your tentacle-slap misses the yak.
The yak is almost dead.
You barely miss the yak. You squeeze the yak.
You kill the yak!
The yak misses you. The yak gores you!
You die...

.#.###.#.............#
.#.......#############
##..####.#
#....##.####
###..###....#
.......#.##.#
########..#.######
##ß## #.......Y>#
ß...ß#####.####h#
#.....# #.# #.#
_....._# #.# #.#
#.....## #.####.#
#ß...ß# #......#
#.....## ######.#
ß.....ß #.#
#.....###### #.#
#ß...ß #...# #.#


You could see a yak.

Vanquished Creatures
  A hornet (D:7)
  A yak (D:7)
  Menkaure (D:5)
  A water moccasin (D:7)
  A black bear (D:5)
  An orc warrior (D:7)
  2 ogres
  A centaur (D:7)
  A phantom (D:5)
  A bullfrog (D:6)
  A scorpion (D:7)
  2 bombardier beetles
  2 hounds
  A sleepcap (D:5)
  4 iguanas
  2 orc wizards
  4 adders
  4 ufetubi
  4 dart slugs
  A ribbon worm (D:5)
  13 orcs
  9 ball pythons
  2 bats
  5 endoplasms
  A giant cockroach (D:3)
  6 goblins
  9 hobgoblins
  3 jackals (D:2)
  3 quokkas
  5 frilled lizards
  3 kobolds (D:2)
  A rat (D:2)
96 creatures vanquished.

Vanquished Creatures (collateral kills)
  A gargoyle (D:7)
1 creature vanquished.

Grand Total: 97 creatures vanquished

Notes
Turn   | Place    | Note
-------+----------+-------------------------------------------
     0 | D:1      | seren the Octopode Shapeshifter began the quest for the
                  | Orb.
     0 | D:1      | Reached XP level 1. HP: 13/13 MP: 1/1
   309 | D:1      | Reached XP level 2. HP: 18/18 MP: 2/2
   710 | D:2      | Reached XP level 3. HP: 23/23 MP: 3/3
   975 | D:2      | Reached skill level 1 in Stealth
  1060 | D:2      | Noticed Terence
  1234 | D:2      | Identified the +10 long sword of Qogoatt {freeze, MP+9
                  | Str+5}
  1651 | D:3      | Noticed FlatIsJustice's ghost (amateur FoFi)
  1657 | D:3      | Found a runed translucent gate.
  1657 | D:3      | Found a runed translucent gate.
  1659 | D:3      | Found a runed translucent gate.
  1708 | D:3      | Reached XP level 4. HP: 28/28 MP: 4/4
  1745 | D:3      | Found Kora Lob's Armour Shoppe.
  1760 | D:3      | Noticed Natasha
  2124 | D:4      | Noticed an ogre
  2133 | D:4      | HP: 1/29 [ogre/+0 giant club (28)]
  2136 | D:4      | Killed an ogre
  2137 | D:4      | Reached XP level 5. HP: 2/34 MP: 5/5
  2347 | D:4      | Identified the +5 hand axe "Lyezukug" {venom, Str+4 Dex-4
                  | SInv}
  2796 | D:5      | Entered Level 5 of the Dungeon
  2819 | D:5      | Noticed a black bear
  2922 | D:5      | Reached XP level 6. HP: 5/39 MP: 6/6
  3066 | D:5      | Noticed Menkaure
  3092 | D:5      | Killed Menkaure
  3253 | D:5      | Reached skill level 1 in Evocations
  3253 | D:5      | Reached XP level 7. HP: 40/45 MP: 7/7
  3579 | D:5      | Reached skill level 5 in Unarmed Combat
  4258 | D:6      | Reached skill level 5 in Shapeshifting
  4676 | D:6      | Reached XP level 8. HP: 52/52 MP: 8/8
  5240 | D:7      | Found a staircase to the Ecumenical Temple.
  5250 | D:7      | Noticed a hornet
  5251 | Temple   | Entered the Ecumenical Temple
  5284 | D:7      | Killed a hornet
  5400 | D:7      | Noticed a gargoyle
  5413 | D:7      | Killed a gargoyle
  5414 | D:7      | Reached skill level 5 in Stealth
  5554 | D:7      | Found a basalt altar of Yredelemnul.
  5556 | D:7      | Found a glowing silver altar of Zin.
  5569 | D:7      | Reached XP level 9. HP: 52/58 MP: 9/9
  5658 | D:7      | Found Emoghonn's Weapon Emporium.
  5805 | D:7      | Found a white marble altar of Elyvilon.
  6224 | D:8      | Noticed Grum
  6295 | D:7      | Mangled by a yak

Illustrated notes

Levels and vault maps discovered:
D:1:      minmay_arrival_solitary_statue, layout_basic, reono_crystal_passage,
          chequers_serial_rivers_large_a, serial_park_tiny_2
D:2:      layout_basic, kennysheep_generic_room_5, uniq_terence
D:3:      layout_rooms, serial_shops, shop, gammafunk_ghost_split,
          chequers_serial_rivers_room_b, minmay_misc_feat_doors, uniq_natasha
D:4:      layout_cave_pools, kennysheep_boxes
D:5:      layout_basic, uniq_menkaure
D:6:      layout_cave_pods, chequers_serial_rivers_small_b, minivault_25,
          ebering_dispersal_statue_hall
D:7:      layout_basic, nicolae_overflow_hidden_temple,
          nicolae_elyvilon_temple_path, minmay_temple_entry_stoned_glass,
          serial_shops, shop, minmay_checkerbox
D:8:      layout_gridville, evilmike_ruin_ashenzari,
          serial_library_regret_index_branch_corner, minmay_diamond_spiral,
          uniq_grum
Temple:   jpeg_temple_clearing

Skill      XL: |  1  2  3  4  5  6  7  8 |
---------------+-------------------------+-----
Stealth        | 1 2 3 4 5 |  5.0
Fighting       | 2 3 4 |  4.2
Unarmed Combat | 4 5 6 |  6.7
Shapeshifting  | 4 5 6 |  6.2
Dodging        | 3 4 |  4.6
Evocations     | 1 2 3 |  3.5

Action                     |  1- 3 |  4- 6 |  7- 9 || total
---------------------------+-------+-------+-------++-------
  Melee: Unarmed           |    57 |    57 |    67 ||   181
         Constrict         |    19 |    13 |    15 ||    47
         Tentacles         |    12 |    14 |    17 ||    43
         Punch             |     2 |       |     1 ||     3
  Evoke: Wand              |       |     5 |     2 ||     7
    Use: Scroll            |       |     2 |     2 ||     4
         Potion            |       |       |     1 ||     1
   Stab: Sleeping          |     8 |     4 |     9 ||    21
         Distracted        |       |     1 |       ||     1
 Armour: Skin              |    13 |    14 |    46 ||    73
  Dodge: Dodged            |    34 |    23 |    32 ||    89

Table legend: (Time is in decaauts)
 A = Elapsed time spent in this place.
 B = Non-inter-level travel time spent in this place.
 C = Inter-level travel time spent in this place.
 D = Time resting spent in this place.
 E = Time spent auto-exploring this place.
 F = Levels seen in this place.
 G = Mean time per level.
                   A        B        C        D        E       F      G
               +--------+--------+--------+--------+--------+-----+--------+
         Total |   6285 |   5894 |    391 |    888 |   3866 |   9 |  698.3 |
       Dungeon |   6262 |   5871 |    391 |    888 |   3866 |   8 |  782.8 |
        Temple |     23 |     23 |      0 |      0 |      0 |   1 |   23.0 |
               +--------+--------+--------+--------+--------+-----+--------+

Top non-repeatable levels by time:
     D:5: 1480 daAuts
     D:7: 1049 daAuts
     D:2: 964 daAuts
     D:6: 936 daAuts
     D:4: 691 daAuts
     D:3: 574 daAuts
     D:1: 562 daAuts
  Temple: 23 daAuts
     D:8: 4 daAuts
